 Dungeon Crawl Stone Soup version 0.21-a0-95-g06f091e (webtiles) character file.

11 MackTheKnife the Ruffian (level 2, -5/23 HPs)
             Began as a Draconian Transmuter on July 4, 2017.
             Slain by a worker ant (7 damage)
             ... on level 4 of the Dungeon.
             The game lasted 00:00:56 (656 turns).

MackTheKnife the Ruffian (Draconian Transmuter)      Turns: 656, Time: 00:00:57

Health: -5/23      AC:  4    Str: 12    XL:     2   Next: 13%
Magic:  4/5        EV: 12    Int: 13    God:
Gold:   24         SH:  0    Dex: 11    Spells: 4/5 levels left

rFire    . . .     SeeInvis .     - Unarmed
rCold    . . .     Gourm    .   (no shield)
rNeg     . . .     Faith    .   (armour unavailable)
rPois    .         Spirit   .   (helmet restricted)
rElec    .         Reflect  .   (no cloak)
rCorr    .         Harm     .   (no gloves)
MR       .....                  (no boots)
Stlth    +.........             (no amulet)
HPRegen  0.07/turn              (no ring)
MPRegen  0.09/turn              (no ring)

@: lethally poisoned (-5 -> -17), appendage
A: unfitting armour, horns 2, cold-blooded, AC +4
a: End Transformation


You were on level 4 of the Dungeon.
You were not hungry.
You had grown temporary horns.
You visited 1 branch of the dungeon, and saw 3 of its levels.

You collected 24 gold pieces.

Inventory:

Missiles
 a - 12 arrows
Scrolls
 d - a scroll of teleportation {unknown}
 e - a scroll of enchant armour {unknown}
 f - a scroll of fear {unknown}
 h - a scroll of recharging {unknown}
Potions
 g - a potion of brilliance {unknown}
Books
 b - a book of Changes
Comestibles
 c - a bread ration {@e1}


   Skills:
 - Level 1.1 Fighting
 - Level 1.7 Dodging
 + Level 3.6 Unarmed Combat
 - Level 2.0 Spellcasting
 - Level 2.0 Transmutations


You had 4 spell levels left.
You knew the following spells:

 Your Spells              Type           Power        Failure   Level  Hunger
z - Beastly Appendage     Tmut           #.....       11%         1    ##.....


Dungeon Overview and Level Annotations

Branches:
Dungeon (2/15)

Altars:


Innate Abilities, Weirdness & Mutations

Your plain brown scales are hard. (AC +4)
You cannot fit into any form of body armour.
You are cold-blooded and may be slowed by cold attacks.
You have a pair of horns on your head.


Message History

Things that are here:
a dagger; a goblin corpse A hobgoblin comes into view.
It is wielding a club.
The hobgoblin shouts!
You closely miss the hobgoblin. The hobgoblin hits you with a club.
You take 2 damage, and have 21/23 hp.
You barely miss the hobgoblin. You hit the hobgoblin.
The hobgoblin barely misses you.
You hit the hobgoblin.
Your tail-slap misses the hobgoblin.
The hobgoblin hits you but does no damage.
You hit the hobgoblin.
You kill the hobgoblin!
No target in view!
Things that are here:
a club; a hobgoblin corpse
h - a scroll labeled LYEZAIN FAMO Health restored: 23 Something hits the bush but does no damage.
A gnoll comes into view. It is wielding an enchanted spear.
A gnoll is nearby!
The gnoll hits you from afar with an enchanted spear.
You take 4 damage, and have 19/23 hp.
Your feet morph into talons.
The gnoll barely misses you.
You now have 4/5 mp.
The gnoll barely misses you.
You hit the gnoll but do no damage. The gnoll hits you but does no damage.
You hit the gnoll.
Your transformation is almost over.
The gnoll hits you with an enchanted spear!
You take 10 damage, and have 10/23 hp.
MASSIVE DAMAGE!!
You barely miss the gnoll. Your kick misses the gnoll.
Your tail-slap misses the gnoll.
The gnoll hits you with an enchanted spear.
You take 1 damage, and have 9/23 hp.
Unknown command.
Here: a gnoll, wielding an enchanted spear and wearing a leather armour (lightly wounded)
The floor.
Unknown command.
You hit the gnoll.
The gnoll hits you with an enchanted spear!
* * * LOW HITPOINT WARNING * * *
You take 7 damage, and have 2/23 hp.
MASSIVE DAMAGE!!
The gnoll closely misses you.
MP restored: 5 Your talons disappear.
There is a stone staircase leading down here.
You climb downwards.
There is a stone staircase leading up here.
You start resting.
Health restored: 23
Found a stone staircase leading down.
A bat comes into view.
A bat is nearby!
You hit the bat. The bat hits you.
You take 1 damage, and have 22/23 hp.
You barely miss the bat. The bat hits you but does no damage.
The bat barely misses you.
You closely miss the bat. The bat misses you.
The bat hits you but does no damage. x2; The bat misses you.
You barely miss the bat. The bat hits you. The bat hits you but does no damage.
You take 1 damage, and have 21/23 hp.
You hit the bat. The bat closely misses you.
You miss the bat. The bat hits you but does no damage.
The bat barely misses you. The bat hits you but does no damage.
The bat hits you. The bat closely misses you.
You take 1 damage, and have 20/23 hp.
You hit the bat but do no damage. You tail-slap the bat.
You kill the bat!
No target in view!
You see here a bat corpse.
You fall through a shaft for 2 floors!
The shaft crumbles and collapses.
A worker ant comes into view.
A worker ant is nearby!
A worker ant is nearby!
The helpless worker ant fails to defend itself.
You hit the worker ant. The worker ant closely misses you.
You hit the worker ant but do no damage.
The worker ant bites you.
You are poisoned.
The worker ant poisons you!
You take 2 damage, and have 19/23 hp.
You grow a pair of large bovine horns.
You feel sick. The worker ant bites you.
You are lethally poisoned!
The worker ant poisons you!
You take 4 damage, and have 15/23 hp.
You now have 4/5 mp.
You hit the worker ant.
You feel sick.
The worker ant bites you but does no damage.
You take 1 damage, and have 14/23 hp.
You closely miss the worker ant.
You feel sick. The worker ant bites you.
You take 6 damage, and have 8/23 hp.
MASSIVE DAMAGE!!
You hit the worker ant.
Your tail-slap misses the worker ant.
You feel sick. The worker ant bites you.
* * * LOW HITPOINT WARNING * * *
The worker ant bites you!
You die...

....
..#
...
..#
#.#
#.#
#.#
#.#
#@#
#a#
#.#
#.#
#.#
#.#
#.#
#.#


You could see a worker ant.

Vanquished Creatures
  A dart slug (D:1)
  3 goblins (D:1)
  A hobgoblin (D:1)
  2 bats
  A kobold (D:1)
  A rat (D:1)
9 creatures vanquished.

Notes
Turn   | Place    | Note
-------+----------+-------------------------------------------
     0 | D:1      | MackTheKnife the Draconian Transmuter began the quest for the Orb.
     0 | D:1      | Reached XP level 1. HP: 16/16 MP: 3/3
   262 | D:1      | Reached XP level 2. HP: 23/23 MP: 5/5
   336 | D:1      | HP: 2/23 [gnoll/enchanted spear (7)]
   649 | D:2      | You fall through a shaft for 2 floors!
   656 | D:4      | HP: 2/23 [worker ant (5)]
   656 | D:4      | Slain by a worker ant

Vault maps used:
D:1:      lemuel_arrival_funnel, minmay_hedge_maze
D:2:      lemuel_doored_altar, cheibriados_altar_1, uniq_jessica
D:4:      minmay_temple_entry_grid, serial_shops, shop, first_bread,
          serial_bayou_pond_d, minmay_liquid_box

Action                   || total
-------------------------++-------
Melee: Unarmed           ||    38
       Tailslap          ||     4
       Headbutt          ||     1
 Cast: Beastly Appendage ||     4
 Stab: Sleeping          ||     1
Armor: Skin              ||    14
Dodge: Dodged            ||    21

Vault maps used:
D:1:      lemuel_arrival_funnel, minmay_hedge_maze
D:2:      lemuel_doored_altar, cheibriados_altar_1, uniq_jessica
D:4:      minmay_temple_entry_grid, serial_shops, shop, first_bread,
          serial_bayou_pond_d, minmay_liquid_box

Table legend:
 A = Turns spent in this place as a percentage of turns spent in the entire game.
 B = Non-inter-level travel turns spent in this place as a percentage of non-inter-level travel turns spent in the entire game.
 C = Inter-level travel turns spent in this place as a percentage of turns spent in this place.
 D = Turns resting spent in this place as a percentage of non-inter-level travel turns spent in this place.
 E = Turns spent auto-exploring this place as a percentage of non-inter-level travel turns spent in this place.
 F = Non-inter-level travel turns spent in this place divided by the number of levels of this place that you've seen.
                   A       B       C       D       E      F
               +-------+-------+-------+-------+-------+----------------------
         Total | 100.0 | 100.0 |   0.0 |   3.8 |  11.5 |  61.0
       Dungeon | 100.0 | 100.0 |   0.0 |   3.8 |  11.5 |  61.0
               +-------+-------+-------+-------+-------+----------------------

Table legend:
 A = Kills in this place as a percentage of kills in entire the game.
 B = Kills by you in this place as a percentage of kills by you in the entire game.
 C = Kills by friends in this place as a percentage of kills by friends in the entire game.
 D = Other kills in this place as a percentage of other kills in the entire game.
 E = Experience gained in this place as a percentage of experience gained in the entire game.
 F = Experience gained in this place divided by the number of levels of this place that you have seen.
                   A       B       C       D       E      F
               +-------+-------+-------+-------+-------+----------------------
         Total | 100.0 | 100.0 |  -nan |  -nan | 100.0 |   5.3
       Dungeon | 100.0 | 100.0 |  -nan |  -nan | 100.0 |   5.3
               +-------+-------+-------+-------+-------+----------------------
